 Dungeon Crawl Stone Soup version 0.31-a0-102-g33a4ccc0cb (webtiles) character file.

Game seed: 17683192850538973170

15058 porpoise the Skirmisher (level 12, -10/72 HPs)
             Began as a Kobold Hunter on May 26, 2023.
             Was an Elder of Hepliaklqana.
             Killed from afar by a starcursed mass (15 damage)
             ... with an accursed screaming
             ... on level 2 of the Abyss.
             The game lasted 00:40:18 (12259 turns).

porpoise the Skirmisher (Kobold Hunter)            Turns: 12259, Time: 00:40:19

Health: -10/72     AC: 15    Str:  9    XL:     12   Next: 52%
Magic:  15/15      EV: 16    Int: 11    God:    Hepliaklqana [****..]
Gold:   632        SH:  0    Dex: 28    Spells: 11/11 levels left

rFire   . . .        b - +0 double sword (holy)
rCold   . . .        (shield currently unavailable)
rNeg    . . .        q - +3 ring mail
rPois   .            (no helmet)
rElec   .            e - +0 cloak
rCorr   .            c - +0 pair of gloves
SInv    .            (no boots)
Will    .....        (no amulet)
Stlth   +++++        R - +6 ring of dexterity
HPRegen 0.32/turn    g - +4 ring of protection
MPRegen 0.14/turn

%: no passive effects
@: studying 2 skills
A: reduced essence, small, no large weapons, nightstalker 3
a: Renounce Religion, Recall Ancestor, Ancestor Identity, Transference, Idealise


You were on level 2 of the Abyss.
You worshipped Hepliaklqana.
Hepliaklqana was greatly pleased with you.
You visited 2 branches of the dungeon, and saw 12 of its levels.
You visited the Abyss 1 time.
You also visited: Sewer and Bailey.

You collected 632 gold pieces.

Inventory:

Hand Weapons
 a - a +4 sling of draining
 b - a +0 double sword of holy wrath (weapon)
 B - a +0 arbalest
 L - a +0 orcbow
 Q - a +2 dagger of draining
Missiles
 k - 26 poisoned darts
 N - 4 atropa-tipped darts
Armour
 c - a +0 pair of gloves (worn)
 e - a +0 cloak (worn)
 q - a +3 ring mail (worn)
 y - a +2 robe of willpower
Magical Staves
 J - the staff of death "Himniuk" {rN+ Will+}
   (You acquired it in a bailey)

   [staff of death]

   Base accuracy: +5 Base damage: 5 Base attack delay: 1.2 This weapon's minimum
   attack delay (0.6) is reached at skill level 12.
   rN:        It protects you from negative energy.
   Will:      It increases your willpower.
   It falls into the 'Staves' category.
   It is a two-handed weapon.
Jewellery
 g - a +4 ring of protection (right hand)
 p - a ring of flight
 r - an amulet of magic regeneration
 G - a ring of see invisible
 R - a +6 ring of dexterity (left hand)
Wands
 t - a wand of mindburst (14)
 C - a wand of flame (45)
 P - a wand of light (5)
Scrolls
 f - 4 scrolls of fog
 h - 3 scrolls of blinking {unknown}
 i - a scroll of torment {unknown}
 j - 3 scrolls of magic mapping
 n - 5 scrolls of teleportation
 o - 3 scrolls of vulnerability {unknown}
 s - a scroll of immolation
 D - 2 scrolls of fear {unknown}
 F - 8 scrolls of identify
 H - a scroll of silence {unknown}
Potions
 d - 3 potions of lignification {unknown}
 l - 8 potions of curing
 m - 5 potions of heal wounds
 u - 4 potions of haste {unknown}
 v - 3 potions of attraction {unknown}
 w - a potion of brilliance {unknown}
 x - a potion of magic {unknown}
 z - 3 potions of enlightenment {unknown}
 A - 2 potions of invisibility {unknown}
 E - 2 potions of mutation {unknown}
 I - a potion of resistance {unknown}
 K - a potion of degeneration {unknown}
 M - a potion of might {unknown}
 O - a potion of ambrosia {unknown}


   Skills:
 - Level 12.0 Fighting
 + Level 3.4 Long Blades
 - Level 14.0 Ranged Weapons
 - Level 5.0 Armour
 - Level 5.0 Dodging
 - Level 9.0 Stealth
 + Level 7.2 Shields
 - Level 5.0 Invocations


You had 11 spell levels left.
You didn't know any spells.
Your spell library contained the following spells:

 Spells                   Type           Power      Damage    Failure   Level
 Cigotuvi's Dreadful Rot  Necr/Pois/Air  0%         N/A       80%         2
 Hailstorm                Conj/Ice       0%         3d3       95%         3
 Dispel Undead            Necr           0%         3d6       100%        4
 Ice Form                 Ice/Tmut       0%         N/A       100%        4
 Passage of Golubria      Tloc           0%         N/A       100%        4
 Silence                  Hex/Air        0%         N/A       100%        5
 Death Channel            Necr           0%         N/A       100%        6
 Simulacrum               Ice/Necr       0%         N/A       100%        6
 Lehudib's Crystal Spear  Conj/Erth      0%         10d2      100%        8


Dungeon Overview and Level Annotations

Branches:
Dungeon (11/15)            Temple (1/1) D:4            Lair (0/5) D:9
    Orc (0/2) D:9           Sewer (visited)          Bailey (visited)

Altars:
Ashenzari
Cheibriados
Dithmenos
Elyvilon
Fedhas
Gozag
Hepliaklqana
Kikubaaqudgha
Makhleb
Nemelex Xobeh
Okawaru
Qazlal
Ru
Sif Muna
Trog
Uskayaw
Vehumet
Wu Jian
Xom
Yredelemnul
Zin
The Shining One

Shops:
D:6 (

Annotations:
D:5 1 transporter, bande's ghost, amateur GrFi
D:11 Psyche


Innate Abilities, Weirdness & Mutations

Your life essence is reduced to manifest your ancestor. (-10% HP)
You are small and have problems with some larger weapons.
You are completely attuned to the shadows.


Message History

A starcursed mass splits.
You hit the starcursed mass but do no damage.
The starcursed mass is lightly damaged.
A chorus of shrieks assaults your mind. The starcursed mass touches you.
The starcursed mass misses you.
A starcursed mass splits.
You hit the starcursed mass.
The starcursed mass is moderately damaged.
The starcursed mass shudders and is absorbed by its neighbour.
A chorus of shrieks assaults your mind.
A starcursed mass splits.
The starcursed mass closely misses you.
A starcursed mass splits.
You slash the starcursed mass!
The starcursed mass is heavily damaged.
The starcursed mass shudders and is absorbed by its neighbour.
The starcursed mass touches you! A chorus of shrieks assaults your mind.
The starcursed mass completely misses you.
You are too injured to fight recklessly!
You are too injured to fight recklessly!
You are too injured to fight recklessly!
You hit the starcursed mass but do no damage.
The starcursed mass is lightly damaged.
A starcursed mass splits. x2
A deafening chorus of shrieks assaults your mind!
* * * LOW HITPOINT WARNING * * *
The starcursed mass touches you!
* * * LOW HITPOINT WARNING * * *
The starcursed mass closely misses you.
A starcursed mass splits.
You slash the starcursed mass!
The starcursed mass is heavily damaged.
The starcursed mass shudders and is absorbed by its neighbour.
The starcursed mass touches you.
* * * LOW HITPOINT WARNING * * *
The starcursed mass barely misses you. The starcursed mass misses you.
A starcursed mass splits.
The starcursed mass misses you.
You slash the starcursed mass!
You destroy the starcursed mass!
A deafening chorus of shrieks assaults your mind!
You die...

# ########
..#X.....#
...XXX...#
#X@X.#
##.#.#
#.#.#
..#.#
##.#.# #.
#.# # #. #
#.#


You could see 6 starcursed masses.

Vanquished Creatures
  A two-headed ogre (D:9)
  Nergalle (D:11)
  Pikel (D:5)
  An elephant (D:9)
  An unseen horror (D:8)
  A komodo dragon (D:10)
  A troll (D:11)
  Prince Ribbit (D:5)
  2 wyverns
  A shadow (D:9)
  12 yaks
  A basilisk (D:9)
  Grum (D:9)
  2 steam dragons
  5 vampire mosquitoes (D:10)
  A warg (D:9)
  An acid dragon (D:11)
  Duvessa (D:7)
  13 orc warriors
  A sky beast (D:8)
  An ice beast (D:7)
  An ogre (D:5)
  2 wolves (D:9)
  A starcursed mass (Abyss:2)
  9 centaurs
  4 lemures (D:5)
  A phantom (D:6)
  2 kobold brigands (D:7)
  Blork the orc (D:5)
  5 bullfrogs
  2 scorpions
  6 wights
  2 howler monkeys
  3 hounds
  An orc priest (D:8)
  3 jellies
  A gnoll bouda (D:7)
  A sleepcap (D:7)
  3 iguanas
  8 orc wizards
  9 adders
  11 gnolls
  3 ufetubi
  2 worms
  2 dart slugs
  48 orcs
  13 ball pythons
  4 endoplasms (D:1)
  12 giant cockroaches
  6 goblins
  A hobgoblin (D:3)
  10 quokkas
  5 bats
  8 frilled lizards
  15 kobolds
  9 rats
264 creatures vanquished.

Vanquished Creatures (collateral kills)
  A catoblepas (D:11)
  A two-headed ogre (D:10)
  A manticore (D:8)
  4 yaks
  A steam dragon (D:7)
  7 orc warriors
  An ice beast (D:6)
  7 centaurs
  2 phantoms (D:6)
  A bullfrog (D:6)
  A gnoll sergeant (D:9)
  A scorpion (D:5)
  4 wights
  Dowan (D:7)
  4 orc priests
  An orc wizard (D:9)
  2 gnolls
  An ufetubus (D:5)
  6 orcs
  3 kobolds (D:7)
  2 goblins (D:7)
52 creatures vanquished.

Vanquished Creatures (others)
  3 knights
  4 ancestors (D:5)
7 creatures vanquished.

Grand Total: 323 creatures vanquished

Notes
Turn   | Place    | Note
-------+----------+-------------------------------------------
     0 | D:1      | porpoise the Kobold Hunter began the quest for the Orb.
     0 | D:1      | Reached XP level 1. HP: 12/12 MP: 1/1
   219 | D:1      | Reached XP level 2. HP: 16/18 MP: 2/2
   434 | D:1      | Reached XP level 3. HP: 22/22 MP: 3/3
   838 | D:2      | Reached skill level 6 in Ranged Weapons
  1204 | D:2      | Reached XP level 4. HP: 27/27 MP: 4/4
  2777 | D:4      | Reached XP level 5. HP: 31/32 MP: 5/5
  2849 | D:4      | Reached skill level 1 in Armour
  2982 | D:4      | Found a glowing drain.
  3000 | Sewer    | Entered a sewer
  3004 | Sewer    | Noticed a bullfrog
  3014 | Sewer    | Killed a bullfrog
  3015 | Sewer    | Reached XP level 6. HP: 29/37 MP: 6/6
  3180 | Sewer    | Reached skill level 7 in Ranged Weapons
  3497 | D:4      | Found a staircase to the Ecumenical Temple.
  3503 | Temple   | Entered the Ecumenical Temple
  3705 | Temple   | Became a worshipper of Hepliaklqana the Forgotten
  3994 | D:4      | Reached XP level 7. HP: 42/42 MP: 7/7
  4330 | D:5      | Entered Level 5 of the Dungeon
  4380 | D:5      | Reached * piety under Hepliaklqana
  4420 | D:5      | Noticed Blork the orc
  4430 | D:5      | Killed Blork the orc
  4431 | D:5      | Reached skill level 5 in Stealth
  4453 | D:5      | Noticed Prince Ribbit
  4480 | D:5      | Killed Prince Ribbit
  4481 | D:5      | Reached XP level 8. HP: 3/43 MP: 8/8
  4693 | D:5      | Reached skill level 8 in Ranged Weapons
  4709 | D:5      | Reached skill level 5 in Fighting
  4963 | D:5      | Noticed Pikel
  4971 | D:5      | Killed Pikel
  4972 | D:5      | Reached skill level 5 in Armour
  4972 | D:5      | Reached XP level 9. HP: 49/49 MP: 9/9
  5060 | D:5      | Found a transporter.
  5060 | D:5      | Noticed bande's ghost (amateur GrFi)
  5189 | D:6      | Reached skill level 9 in Ranged Weapons
  5251 | D:6      | Found Pyneeck's Hydra Hut.
  5253 | D:6      | Noticed a seven-headed hydra
  5873 | D:6      | Reached ** piety under Hepliaklqana
  5874 | D:6      | Remembered your ancestor Mickie as a knight
  6099 | D:7      | Found a snail-covered altar of Cheibriados.
  6113 | D:7      | Found a shadowy altar of Dithmenos.
  6280 | D:7      | Reached skill level 10 in Ranged Weapons
  6385 | D:7      | Reached skill level 1 in Invocations
  6449 | D:7      | Noticed Duvessa
  6452 | D:7      | Noticed Dowan
  6454 | D:7      | Killed Duvessa
  6455 | D:7      | Reached XP level 10. HP: 56/56 MP: 9/11
  6456 | D:7      | Killed Dowan
  6562 | D:7      | Reached skill level 11 in Ranged Weapons
  6683 | D:7      | Found a flagged portal.
  6705 | Bailey   | Entered a bailey
  6914 | Bailey   | Reached skill level 12 in Ranged Weapons
  7502 | Bailey   | Acquired the staff of death "Himniuk" {rN+ Will+}
  7881 | D:7      | Reached skill level 13 in Ranged Weapons
  8332 | D:8      | Reached XP level 11. HP: 62/62 MP: 14/14
  8429 | D:8      | Noticed a manticore
  8441 | D:8      | Killed a manticore
  8442 | D:8      | Reached skill level 5 in Invocations
  8942 | D:8      | Acquired a manual of Shields
  8990 | D:8      | Reached skill level 14 in Ranged Weapons
  8999 | D:8      | Reached skill level 1 in Shields
  9336 | D:9      | Noticed Grum
  9732 | D:9      | Noticed a two-headed ogre
  9739 | D:9      | Killed a two-headed ogre
  9946 | D:9      | Noticed an elephant
  9958 | D:9      | Killed an elephant
  9959 | D:9      | Reached skill level 5 in Dodging
  9968 | D:9      | Reached skill level 10 in Fighting
 10188 | D:9      | Reached skill level 5 in Shields
 10332 | D:9      | Found a staircase to the Orcish Mines.
 10413 | D:9      | Found a staircase to the Lair.
 10430 | D:9      | Reached *** piety under Hepliaklqana
 10449 | D:9      | Killed Grum
 10755 | D:10     | Entered Level 10 of the Dungeon
 10783 | D:10     | Reached XP level 12. HP: 72/72 MP: 15/15
 10885 | D:10     | Noticed a two-headed ogre
 10890 | D:10     | Killed a two-headed ogre
 11057 | D:10     | Acquired a manual of Evocations
 11094 | D:10     | Reached skill level 1 in Long Blades
 11778 | D:11     | Noticed Nergalle
 11790 | D:11     | Killed Nergalle
 11839 | D:11     | Noticed a catoblepas
 11847 | D:11     | Killed a catoblepas
 12097 | D:11     | Identified the +7 mace of Ojeaska {antimagic, rPois Int+3}
 12149 | D:11     | Reached **** piety under Hepliaklqana
 12169 | D:11     | Noticed Psyche
 12173 | Abyss:2  | Cast into level 2 of the Abyss (Psyche)
 12206 | Abyss:2  | Found a corrupted altar of Lugonu.
 12248 | Abyss:2  | Noticed a starcursed mass
 12259 | Abyss:2  | Killed from afar by a starcursed mass

Illustrated notes

Levels and vault maps discovered:
D:1:      dpeg_arrival_long_road, layout_loops_ring, minmay_misc_feat_pillars,
          kennysheep_nondescript
D:2:      layout_basic
D:3:      layout_loops_ring
D:4:      layout_cave_pods, minmay_temple_entry_wispy,
          cheibrodos_sewer_entry_bend
D:5:      layout_rooms, gammafunk_ghost_smash, dreamdust_gnoll_farm,
          uniq_blork_the_orc, uniq_pikel, uniq_prince_ribbit1
D:6:      layout_layer_cave, doesnt_shop_hydraphobe
D:7:      layout_rooms, grunt_temple_overflow_open, enter_bailey_3, uniq_duvessa
D:8:      layout_cave_pods, minmay_misc_feat_diagonals, minmay_misc_feat_roman,
          small_chamber_with_monster
D:9:      layout_rooms, david_lair_generic, david_orc_3,
          nicolae_figureground_pulse, uniq_grum
D:10:     layout_rooms, st_stairs_12
D:11:     layout_basic, minmay_misc_feat_five, nicolae_gozag_zags_fifth_avenue,
          uniq_psyche, uniq_nergalle
Temple:   nicolae_temple_bog_church
Abyss:2:  base:
D:2

Skill      XL: |  1  2  3  4  5  6  7  8  9 10 11 12 |
---------------+-------------------------------------+-----
Stealth        | 2 3 4 5 7 9 |  9.0
Ranged Weapons | 6 7 8 10 13 14 | 14.0
Fighting       | 3 4 5 7 8 11 12 | 12.0
Armour         | 1 2 3 5 |  5.0
Invocations    | 1 4 5 |  5.0
Shields        | 5 7 |  7.2
Dodging        | 5 |  5.0
Long Blades    | 3 |  3.4

Action                     |  1- 3 |  4- 6 |  7- 9 | 10-12 || total
---------------------------+-------+-------+-------+-------++-------
  Melee: Shortbow          |       |     8 |       |       ||     8
         Unarmed           |       |     4 |       |       ||     4
         Double sword      |       |       |       |    41 ||    41
   Fire: Shortbow          |    76 |   161 |    95 |       ||   332
         Arbalest          |       |       |    34 |       ||    34
         Orcbow            |       |       |    98 |   246 ||   344
         Sling             |       |       |       |   337 ||   337
 Invoke: Ancestor Identity |       |       |     1 |       ||     1
         Ancestor Life: Kn |       |       |     1 |       ||     1
    Use: Scroll            |       |     5 |       |     3 ||     8
         Potion            |       |     1 |     1 |       ||     2
 Armour: Leather armour    |    10 |     1 |       |       ||    11
         Ring mail         |       |    63 |    58 |    96 ||   217
  Dodge: Dodged            |    24 |    91 |    89 |   211 ||   415

Table legend: (Time is in decaauts)
 A = Elapsed time spent in this place.
 B = Non-inter-level travel time spent in this place.
 C = Inter-level travel time spent in this place.
 D = Time resting spent in this place.
 E = Time spent auto-exploring this place.
 F = Levels seen in this place.
 G = Mean time per level.
                   A        B        C        D        E       F      G
               +--------+--------+--------+--------+--------+-----+--------+
         Total |  12339 |  11983 |    356 |   1662 |   8370 |  15 |  822.6 |
       Dungeon |  10568 |  10238 |    330 |   1378 |   7373 |  11 |  960.7 |
        Temple |    220 |    194 |     26 |      0 |    173 |   1 |  220.0 |
         Abyss |     88 |     88 |      0 |      0 |     72 |   1 |   88.0 |
         Sewer |    410 |    410 |      0 |    123 |    159 |   1 |  410.0 |
        Bailey |   1051 |   1051 |      0 |    161 |    593 |   1 | 1051.0 |
               +--------+--------+--------+--------+--------+-----+--------+

Top non-repeatable levels by time:
     D:8: 1607 daAuts
     D:2: 1274 daAuts
     D:9: 1055 daAuts
  Bailey: 1051 daAuts
    D:10: 989 daAuts
     D:4: 961 daAuts
     D:7: 943 daAuts
     D:6: 915 daAuts
     D:5: 890 daAuts
     D:3: 757 daAuts
     D:1: 753 daAuts
    D:11: 417 daAuts
   Sewer: 410 daAuts
  Temple: 220 daAuts
 Abyss:2: 88 daAuts
